 Dungeon Crawl Stone Soup version 0.22-a0-373-gab1296c (webtiles) character file.

30 Amnesiac the Magician (level 3, 0/26 HPs)
             Began as a Mummy Wizard on Apr 26, 2018.
             Slain by a kobold (2 damage)
             ... on level 3 of the Dungeon.
             The game lasted 00:02:54 (1017 turns).

Amnesiac the Magician (Mummy Wizard)                Turns: 1017, Time: 00:02:54

Health: 0/26       AC:  2    Str: 10    XL:     3   Next: 5%
Magic:  8/8        EV: 12    Int: 18    God:
Gold:   72         SH:  0    Dex: 10    Spells: 1/10 levels left

rFire    x . .     SeeInvis .   h - +0 spear
rCold    + . .     Gourm    .   (no shield)
rNeg     + + +     Faith    .   a - +0 robe
rPois    ∞         Spirit   .   b - +0 hat
rElec    .         Reflect  .   (no cloak)
rCorr    .         Harm     .   (no gloves)
MR       .....                  (no boots)
Stlth    ++........             (no amulet)
HPRegen  0.08/turn              (no ring)
MPRegen  0.11/turn              (no ring)

@: no status effects
A: no food or potions, fire vulnerability, cold resistance 1, negative energy
resistance 3, torment resistance, unbreathing
a: no special abilities


You were on level 3 of the Dungeon.
You were not hungry.

You visited 2 branches of the dungeon, and saw 5 of its levels.

You collected 72 gold pieces.

Inventory:

Hand Weapons
 h - a +0 spear (weapon)
Armour
 a - a +0 robe (worn)
 b - a +0 hat (worn)
 i - a +0 cloak
Jewellery
 c - a +1 ring of evasion {unknown}
Scrolls
 d - a scroll of teleportation {!r, unknown}
 e - a scroll of magic mapping {!r, unknown}
 f - 2 scrolls of identify {!r, unknown}
 g - 2 scrolls of remove curse {!r, unknown}
 j - a scroll of amnesia {!r, unknown}


   Skills:
 + Level 1.3 Fighting
 * Level 2.5 Dodging
 - Level 1.5 Stealth
 - Level 4.0 Spellcasting
 - Level 0.7 Conjurations
 - Level 0.7 Summonings
   Level 0.7 Translocations


You had one spell level left.
You knew the following spells:

 Your Spells              Type           Power        Failure   Level  Hunger
a - Magic Dart            Conj           #...         11%         1    N/A
b - Call Imp              Summ           #.......     17%         2    N/A
e - Mephitic Cloud        Conj/Pois/Air  #.......     38%         3    N/A
s - Conjure Flame         Conj/Fire      #.......     36%         3    N/A

Dungeon Overview and Level Annotations

Branches:
Dungeon (4/15)             Temple (1/1) D:4

Altars:
Ashenzari
Elyvilon
Fedhas
Nemelex Xobeh
Qazlal
Uskayaw
Vehumet
Wu Jian
Zin


Innate Abilities, Weirdness & Mutations

You do not eat or drink.
Your flesh is vulnerable to fire.
You are immune to poison.
Your flesh is cold resistant. (rC+)
You are immune to negative energy. (rN+++)
You are immune to unholy pain and torment.
You can survive without breathing.


Message History

You start resting.
A kobold comes into view.
You see here 18 gold pieces.
You now have 65 gold pieces (gained 18).
Found a scroll labeled OSCHITIM READ.
You see here 7 gold pieces.
You now have 72 gold pieces (gained 7).
The kobold shouts!
The kobold throws a stone.
The stone hits you but does no damage.
Things that are here:
a stone; a scroll labeled OSCHITIM READ {!r}
g - 2 scrolls labeled OSCHITIM READ {!r} (gained 1)
The kobold throws a stone.
The stone closely misses you.
The kobold throws a stone.
The stone hits you but does no damage.
You see here a stone.
The kobold closely misses you.
You miss the kobold. The kobold hits you. The kobold barely misses you.
Found a stone staircase leading up.
You hit the kobold but do no damage. The kobold hits you.
You closely miss the kobold. The kobold barely misses you.
You barely miss the kobold. The kobold misses you.
You closely miss the kobold. The kobold hits you.
A frilled lizard and an orc come into view.
The frilled lizard hisses angrily.
An orc comes into view. It is wielding a mace.
The orc shouts! x2
You hit the kobold.
The kobold is heavily wounded.
The kobold barely misses you.
An orc comes into view. It is wielding a club.
You closely miss the kobold.
The kobold is heavily wounded.
The kobold hits you but does no damage. The orc closely misses you.
An orc priest comes into view. It is wielding a hand axe of chopping.
You closely miss the kobold.
The kobold is heavily wounded.
The kobold barely misses you.
The orc priest moves out of view.
The orc hits you with a club.
* * * LOW HITPOINT WARNING * * *
You barely miss the frilled lizard.
The orc shouts!
The frilled lizard bites you but does no damage.
The kobold hits you but does no damage. The orc hits you with a club.
* * * LOW HITPOINT WARNING * * *
An orc comes into view. It is wielding a hand axe.
The orc shouts!
You hit the frilled lizard.
You kill the frilled lizard!
The orc barely misses you. The kobold closely misses you.
The worm barely misses you. The orc completely misses you.
You hit the orc but do no damage. The kobold barely misses you.
The orc hits you with a mace.
* * * LOW HITPOINT WARNING * * *
The worm bites you.
* * * LOW HITPOINT WARNING * * *
The orc hits you with a club.
* * * LOW HITPOINT WARNING * * *
A kobold comes into view. It is wielding a club.
Unknown command.
Casting: Call Imp (safe; 17% risk of failure)
Confirm with . or Enter, or press ? or * to list all spells.
You don't know that spell.
The kobold hits you.
You die...

... . #... #. ###... .##
...#.###.. #.......####
# #........<# .#
#.........##.#..
#....@....#....
###ooo.K........##
..o...o.w.........#..
.K.#.........#..#...# ..
#.........#..##...####
..................#.>.w.
.##...............######
#
..........#..##...†....
#.....####.#..##.....###


You could see a worm, an orc priest, 4 orcs and 2 kobolds.

Vanquished Creatures
  An ooze (D:1)
  A leopard gecko (D:1)
  4 bats (D:1)
  2 giant cockroaches
  A hobgoblin (D:1)
  A jackal (D:1)
  3 frilled lizards
  A goblin (D:1)
  A rat (D:3)
15 creatures vanquished.

Vanquished Creatures (collateral kills)
  An adder (D:2)
  A hobgoblin (D:2)
  A jackal (D:3)
  A ball python (Temple)
  2 rats (D:3)
6 creatures vanquished.

Grand Total: 21 creatures vanquished

Notes
Turn   | Place    | Note
-------+----------+-------------------------------------------
     0 | D:1      | Amnesiac the Mummy Wizard began the quest for the Orb.
     0 | D:1      | Reached XP level 1. HP: 13/13 MP: 5/5
   322 | D:1      | Reached XP level 2. HP: 20/20 MP: 4/7
   326 | D:1      | Learned a level 2 spell: Call Imp
   418 | D:1      | Reached skill level 1 in Fighting
   560 | D:4      | Found a staircase to the Ecumenical Temple.
   566 | Temple   | Entered the Ecumenical Temple
   932 | D:3      | Reached XP level 3. HP: 20/26 MP: 2/8
   940 | D:3      | Learned a level 3 spell: Conjure Flame
   944 | D:3      | Learned a level 3 spell: Mephitic Cloud
  1017 | D:3      | Slain by a kobold

Vault maps used:
D:1:      eino_arrival_cavern_c, minmay_split_cup_large
D:4:      nicolae_overflow_crystal_walls, temple_green, first_ration
Temple:   compressed_dpeg_triangle_lava_temple

Skill      XL: |  1  2 |
---------------+-------+-----
Dodging        | 2 |  2.5
Fighting       | 1 |  1.3
Stealth        | |  1.5
Spellcasting   | |  4.0
Conjurations   | |  0.7
Summonings     | |  0.7
Translocations | |  0.7

Action                   || total
-------------------------++-------
Melee: Unarmed           ||     6
       Spear             ||    25
 Cast: Magic Dart        ||    26
       Call Imp          ||     7
Armor: Robe              ||    22
Dodge: Dodged            ||    69

Table legend:
 A = Spawn XP
 B = Non-spawn XP
 C = Spawn XP percentage of total XP
 D = Spawn monster count
 E = Non-spawn monster count
 F = Spawn count percentage of total count
 G = Total turns spent on level
                    A         B        C        D         E        F      G
               +---------+---------+-------+---------+---------+-------+---------
         Total |       0 |      44 |   0.0 |       0 |      21 |   0.0 |  1017
               +---------+---------+-------+---------+---------+-------+---------
           D:1 |       0 |      26 |   0.0 |       0 |      12 |   0.0 |   544
           D:2 |       0 |      12 |   0.0 |       0 |       3 |   0.0 |    95
           D:3 |       0 |       5 |   0.0 |       0 |       5 |   0.0 |   121
        Temple |       0 |       1 |   0.0 |       0 |       1 |   0.0 |   169
               +---------+---------+-------+---------+---------+-------+---------
